 Dungeon Crawl Stone Soup version 0.22-a0-223-g0f5d773 (webtiles) character file.

9 varam the Insei (level 2, -3/23 HPs)
             Began as a Gnoll Wanderer on Feb 18, 2018.
             Slain by an ooze (5 damage)
             ... on level 1 of the Dungeon.
             The game lasted 00:02:18 (242 turns).

varam the Insei (Gnoll Wanderer)                     Turns: 242, Time: 00:02:18

Health: -3/23      AC:  2    Str: 13    XL:     2   Next: 16%
Magic:  3/3        EV: 13    Int: 15    God:
Gold:   21         SH:  0    Dex: 14    Spells: 1/1 levels left

rFire    . . .     SeeInvis .   i - +0 spear (curse)
rCold    . . .     Gourm    .   (no shield)
rNeg     . . .     Faith    .   e - +0 robe
rPois    .         Spirit   .   (no helmet)
rElec    .         Reflect  .   (no cloak)
rCorr    +         Harm     .   (no gloves)
MR       .....                  (no boots)
Stlth    +++.......             (no amulet)
HPRegen  0.07/turn              h - ring of resist corrosion
MPRegen  0.08/turn              (no ring)

@: no status effects
A: distributed training, fangs 1, strong nose
a: no special abilities


You were on level 1 of the Dungeon.
You were not hungry.

You visited 1 branch of the dungeon, and saw 1 of its levels.

You collected 21 gold pieces.

Inventory:

Hand Weapons
 a - a +2 dagger
 i - a cursed +0 spear (weapon)
Armour
 e - a +0 robe (worn)
Jewellery
 h - a ring of resist corrosion (left hand)
Potions
 b - a potion of berserk rage
 c - a potion of lignification
 d - a potion of curing
 j - a potion of agility {unknown}
Comestibles
 f - a ration
 g - 9 chunks of flesh


   Skills:
 + Level 2.4 Fighting
 + Level 0.3 Short Blades
 + Level 0.3 Long Blades
 + Level 0.3 Axes
 + Level 0.3 Maces & Flails
 + Level 2.4 Polearms
 + Level 0.3 Staves
 + Level 0.3 Slings
 + Level 0.3 Bows
 + Level 0.3 Crossbows
 + Level 0.3 Throwing
 + Level 0.3 Armour
 + Level 2.4 Dodging
 + Level 5.9 Stealth
 + Level 0.3 Shields
 + Level 6.4 Unarmed Combat
 + Level 0.3 Spellcasting
 + Level 0.2 Conjurations
 + Level 0.2 Hexes
 + Level 0.2 Charms
 + Level 0.2 Summonings
 + Level 0.2 Necromancy
 + Level 0.2 Translocations
 + Level 0.2 Transmutations
 + Level 0.2 Fire Magic
 + Level 0.2 Ice Magic
 + Level 0.2 Air Magic
 + Level 0.2 Earth Magic
 + Level 0.2 Poison Magic
 + Level 0.4 Invocations
 + Level 2.4 Evocations


You had one spell level left.
You didn't know any spells.

Dungeon Overview and Level Annotations

Branches:
Dungeon (1/15)

Altars:


Innate Abilities, Weirdness & Mutations

Your experience applies equally to all skills.
You have very sharp teeth.
Your uncanny sense of smell can sniff out nearby items.


Message History

You hit the hobgoblin but do no damage.
The hobgoblin is almost dead.
The ooze closely misses you. The hobgoblin hits you with a club.
You closely miss the hobgoblin.
The hobgoblin is almost dead.
The ooze hits you. The hobgoblin closely misses you.
You hit the hobgoblin.
You kill the hobgoblin!
The ooze hits you.
* * * LOW HITPOINT WARNING * * *
Some of the chunks of flesh in your inventory have rotted away.
The ooze barely misses you.
You hit the ooze.
The ooze is moderately wounded.
The ooze hits you.
* * * LOW HITPOINT WARNING * * *
You hit the ooze. You bite the ooze.
The ooze is severely wounded.
The ooze hits you.
You die...

#...##...#...##.....# ..#
.#..##..#....##.....# ....#
.. ....#............# ....#
...#..#.............# ....#
..##..##..........# ....##
#..
#..##..........###...... ..
..#....................#
....#.............(?)...##
..##..#..#@J.........)..=..
.. #...#...........>.......
......#.........###......
...........)..#### ##....
#.........##### #+##
...........###### .....
...#...........# .....
...#...........# ...... ..
#...........# ......


You could see an ooze.

Vanquished Creatures
  A dart slug (D:1)
  2 hobgoblins (D:1)
  A bat (D:1)
  A frilled lizard (D:1)
  A goblin (D:1)
  2 kobolds (D:1)
8 creatures vanquished.

Notes
Turn   | Place    | Note
-------+----------+-------------------------------------------
     0 | D:1      | varam the Gnoll Wanderer began the quest for the Orb.
     0 | D:1      | varam set off with: a +2 dagger, a potion of berserk rage, a potion of lignification, a potion of curing, a +0 robe, a ration
     0 | D:1      | Reached XP level 1. HP: 17/17 MP: 2/2
   196 | D:1      | Reached XP level 2. HP: 23/23 MP: 3/3
   241 | D:1      | HP: 2/23 [ooze (3)]
   242 | D:1      | Slain by an ooze

Vault maps used:
D:1:      evilmike_arrival_grusome_pit, minivault_26, serial_bayou_crossing

Action                   || total
-------------------------++-------
Melee: Spear             ||    23
       Bite              ||     5
       Dagger            ||     2
       Unarmed           ||     2
  Use: Scroll            ||     1
 Stab: Sleeping          ||     2
Armor: Robe              ||     1
Dodge: Dodged            ||    13

Table legend:
 A = Spawn XP
 B = Non-spawn XP
 C = Spawn XP percentage of total XP
 D = Spawn monster count
 E = Non-spawn monster count
 F = Spawn count percentage of total count
 G = Total turns spent on level
                    A         B        C        D         E        F      G
               +---------+---------+-------+---------+---------+-------+---------
         Total |       0 |      14 |   0.0 |       0 |       8 |   0.0 |   242
               +---------+---------+-------+---------+---------+-------+---------
           D:1 |       0 |      14 |   0.0 |       0 |       8 |   0.0 |   242
               +---------+---------+-------+---------+---------+-------+---------
